 Dungeon Crawl Stone Soup version 0.30-a0-250-g41c1d76940 (webtiles) character file.

Game seed: 6670253169840520044

28 ytrimaz the Chopper (level 2, 26/26 HPs)
             Began as a Minotaur Gladiator on Oct 12, 2022.
             Quit the game on level 1 of the Dungeon.
             The game lasted 00:00:52 (799 turns).

ytrimaz the Chopper (Minotaur Gladiator)             Turns: 799, Time: 00:00:53

Health: 26/26      AC:  3    Str: 18    XL:     2   Next: 96%
Magic:  1/1        EV: 12    Int:  5    God:
Gold:   72         SH:  0    Dex: 11    Spells: 1/1 levels left

rFire   + . .      SeeInvis .    a - +0 war axe (protect)
rCold   . . .      Faith    .    (no shield)
rNeg    . . .      Spirit   .    b - +0 leather armour
rPois   +          Reflect  .    c - +0 hat
rElec   .          Harm     .    (no cloak)
rCorr   .          Rampage  .    (no gloves)
Will    .....                    (no boots)
Stlth   +.........               (no amulet)
HPRegen 0.24/turn                j - ring of protection from fire
MPRegen 0.07/turn                l - ring of poison resistance

@: about to teleport
A: horns 2, retaliatory headbutt
a: no special abilities


You were on level 1 of the Dungeon.
You visited 1 branch of the dungeon, and saw 1 of its levels.

You collected 72 gold pieces.


Innate Abilities, Weirdness & Mutations

You have a pair of horns on your head.
You reflexively headbutt those who attack you in melee.


   Skills:
 + Level 3.4 Fighting
 + Level 4.4 Axes
 - Level 2.0 Throwing
 - Level 3.2 Dodging


You had one spell level left.
You didn't know any spells.
Your spell library contained the following spells:

 Spells                   Type           Power      Damage    Failure   Level
 Tukima's Dance           Hex            0%         N/A       88%         3
 Passage of Golubria      Tloc           0%         N/A       99%         4
 Yara's Violent Unravell  Hex/Tmut       0%         3d3       100%        5

Inventory:

Hand Weapons
 a - a +0 war axe of protection (weapon)
Missiles
 d - 3 throwing nets (quivered)
 e - a javelin
Armour
 b - a +0 leather armour (worn)
 c - a +0 hat (worn)
Jewellery
 j - a ring of protection from fire (left hand)
   (You found it on level 1 of the Dungeon)
 l - a ring of poison resistance (right hand)
   (You found it on level 1 of the Dungeon)
Scrolls
 g - a scroll of immolation
 i - a scroll of enchant weapon

Dungeon Overview and Level Annotations

Branches:
Dungeon (1/15) Zot: 5189

Altars:

#..#..#......########
##..####...#.#####....
#...####.........#.###
##+.....#...###.#+#.#..
#...........# #........
#.......[.#.# #........
#...........###....####
#....#####..#..........
#....#@..#..#....##....
#....#.#.#..#....##.##.
#....#.#.#[.#....##.##.
#....#...#..#.......###
###.....##..####.#..##
#......##.......##..#
#......#....###.....##
#...#+##....# #.......
#...#.###########.##..


There were no monsters in sight!


Message History

😕 HP[-3]
You take 3 damage, and now have 23/26 hp.
The ball python bites you but does no damage.
The ball python grabs you. The ball python constricts you.
You slash the ball python!
You kill the ball python! 😕 HP[+1]
You hit the endoplasm but do no damage. You headbutt the endoplasm.
You kill the endoplasm!
Unknown command.
No target in view! 😕 HP[+1] Unknown command.
You now have 23 gold pieces (gained 14).
You now have 39 gold pieces (gained 16).
You now have 52 gold pieces (gained 13).
You now have 57 gold pieces (gained 5). 2 jackals come into view. 😎 HP[+1]
Your hp is fully restored (26).
There are monsters nearby!
Unknown command.
There are monsters nearby!
The jackal barks!
The jackal barely misses you.
There are monsters nearby!
You slash the jackal!
You kill the jackal!
A jackal is nearby!
You hit the jackal. The jackal closely misses you. x2
You closely miss the jackal. The jackal barely misses you.
You furiously retaliate!
You headbutt the jackal.
You kill the jackal!
Things that are here:
a jackal corpse; a jackal corpse Unknown command.
No target in view!
Things that are here:
a jackal corpse; a jackal corpse Key pressed, stopping explore.
No target in view!
A ball python comes into view.
A ball python is nearby!
A ball python is nearby!
A ball python is nearby!
You slash the ball python!
You kill the ball python!
You now have 72 gold pieces (gained 15).
Key pressed, stopping explore.
No target in view!
No target in view!
Unknown command.
No target in view!
A giant cockroach comes into view.
Unknown command.
A giant cockroach is nearby!
A giant cockroach is nearby!
A giant cockroach is nearby!
You slash the giant cockroach!
You kill the giant cockroach!
No target in view!
Key pressed, stopping explore.
No target in view!
You pick up Great Wizards, Vol.
VII and begin reading...
You add the spells Tukima's Dance, Passage of Golubria and Yara's Violent Unravelling to your library.
Unknown command.
Key pressed, stopping explore.
No target in view!
Key pressed, stopping explore.
No target in view!
No target in view!
No target in view!
Key pressed, stopping explore.
No target in view!
Key pressed, stopping explore.
Key pressed, stopping explore.
You see here a +0 robe.
Key pressed, stopping explore.
Done exploring.
Done exploring.
Done exploring.
Done exploring.
Done exploring.
As you read the scroll labelled NAZERCH RECREL, it crumbles to dust.
It is a scroll of identify.
g - a scroll of immolation
As you read the scroll of identify, it crumbles to dust.
h - a scroll of brand weapon
As you read the scroll of identify, it crumbles to dust.
i - a scroll of enchant weapon Unknown command.
As you read the scroll of brand weapon, it crumbles to dust.
Your +0 war axe projects an invisible shield of force!
a - a +0 war axe of protection (weapon)
As you read the scroll labelled QYCEP MO GUE, it crumbles to dust.
You feel strangely unstable.
It was a scroll of teleportation.
Unknown command.
Are you sure you want to abandon this character and quit the game? (Confirm with "yes".)

Skill      XL: |  1 |
---------------+----+-----
Axes           | 4 |  4.4
Fighting       | 3 |  3.4
Throwing       | |  2.0
Dodging        | |  3.2

Action                   || total
-------------------------++-------
Melee: War axe           ||    42
       Headbutt          ||     3
  Use: Scroll            ||     5
 Stab: Sleeping          ||     1
Armor: Leather armour    ||    10
Dodge: Dodged            ||    32

Levels and vault maps discovered:
D:1:      minmay_arrival_up_and_down, layout_basic, hangedman_decor_growths,
          eino_curves_03, minmay_misc_feat_hallway, minmay_misc_feat_encased

Notes
Turn   | Place    | Note
-------+----------+-------------------------------------------
     0 | D:1      | ytrimaz the Minotaur Gladiator began the quest for the Orb.
     0 | D:1      | Reached XP level 1. HP: 18/18 MP: 0/0
     0 | D:1      | magus.rc [v1.9.6]
    13 | D:1      | Identified a +0 robe of the Archmagi
   189 | D:1      | Reached skill level 4 in Axes
   192 | D:1      | Reached skill level 3 in Fighting
   192 | D:1      | Reached XP level 2. HP: 20/26 MP: 1/1
   665 | D:1      | You add the spells Tukima's Dance, Passage of Golubria and
                  | Yara's Violent Unravelling to your library.
   799 | D:1      | Quit the game

Vanquished Creatures
  2 endoplasms (D:1)
  3 giant cockroaches (D:1)
  2 goblins (D:1)
  2 hobgoblins (D:1)
  2 jackals (D:1)
  A quokka (D:1)
  5 ball pythons (D:1)
  5 bats (D:1)
  A frilled lizard (D:1)
  2 kobolds (D:1)
  A rat (D:1)
26 creatures vanquished.

Table legend:
 A = Non-vault XP
 B = Vault XP
 C = Vault XP percentage of total XP
 D = Non-vault monster count
 E = Vault monster count
 F = Vault count percentage of total count
                 A         B        C        D         E       F
            +---------+---------+-------+---------+---------+-------
      Total |      40 |       0 |   0.0 |      26 |       0 |   0.0
            +---------+---------+-------+---------+---------+-------
        D:1 |      40 |       0 |   0.0 |      26 |       0 |   0.0
            +---------+---------+-------+---------+---------+-------

Illustrated notes

Table legend:
 A = Kills in this place as a percentage of kills in entire the game.
 B = Kills by you in this place as a percentage of kills by you in the entire game.
 C = Kills by friends in this place as a percentage of kills by friends in the entire game.
 D = Other kills in this place as a percentage of other kills in the entire game.
 E = Experience gained in this place as a percentage of experience gained in the entire game.
 F = Experience gained in this place divided by the number of levels of this place that you have seen.
                   A       B       C       D       E      F
               +-------+-------+-------+-------+-------+----------------------
         Total | 100.0 | 100.0 |   N/A |   N/A | 100.0 |  40.0
       Dungeon | 100.0 | 100.0 |   N/A |   N/A | 100.0 |  40.0
               +-------+-------+-------+-------+-------+----------------------

Table legend: (Time is in decaauts)
 A = Elapsed time spent in this place.
 B = Non-inter-level travel time spent in this place.
 C = Inter-level travel time spent in this place.
 D = Time resting spent in this place.
 E = Time spent auto-exploring this place.
 F = Levels seen in this place.
 G = Mean time per level.
                   A        B        C        D        E       F      G
               +--------+--------+--------+--------+--------+-----+--------+
         Total |    810 |    810 |      0 |      0 |    677 |   1 |  810.0 |
       Dungeon |    810 |    810 |      0 |      0 |    677 |   1 |  810.0 |
               +--------+--------+--------+--------+--------+-----+--------+

Top non-repeatable levels by time:
     D:1: 810 daAuts
